Description

Very safe and solid build order that you can use as your main ladder build. Although there are some potentially difficult points in tvt to defend, this build gives you all the tools you need to stay safe and make it to the middle and later stages of the game.

This build begins by getting a reaper and expanding. We then get a quick cyclone + 6 marines which is enough in most cases to keep you safe. You can add more marines against certain builds in addition to the 6 to be extra secure. After that we transition into a standard 1-1-1 with raven/tank/marine. Finally we add on some more barracks and enter a normal bio style TvT. Hope you enjoy the build order! If you do like it, don't forget to upvote on spawning tool to help more people see the build :)

VOD

https://www.youtube.com/watch?v=CupNHJotqmQ

Replay - HuShang's Safe Terran vs Terran Build Order

Build Order

Get SALT Encoding   

  12  0:00  SCV  
  13  0:12  SCV  
  14  0:17  Supply Depot  
  14  0:24  SCV  
  14  0:28  Refinery  
  15  0:38  SCV  
  16  0:44  Barracks  
  16  0:50  SCV  
  17  1:03  SCV  
  18  1:15  SCV  
  19  1:34  Orbital Command, Reaper  
  20  1:46  Command Center  
  20  1:57  Factory  
  20  2:01  SCV  
  21  2:07  Barracks Reactor  
  21  2:13  SCV  
  22  2:15  Supply Depot  
  22  2:20  Refinery  
  22  2:25  SCV  
  23  2:42  Factory Tech Lab  
  24  2:45  Marine x2  
  27  2:59  Orbital Command  
  27  3:00  Cyclone  
  27  3:02  Marine x2  
  33  3:11  Starport  
  36  3:36  Siege Tank  
  41  3:44  Refinery, Supply Depot  
  41  3:51  Marine x2  
  41  3:54  Starport Tech Lab  
  45  4:08  Supply Depot  
  48  4:17  Raven  
  50  4:28  Command Center  
  52  4:32  Supply Depot  
  52  4:33  Siege Tank  
  55  4:39  Marine x2  
  59  4:57  Marine x2  
  63  5:00  Raven  
  63  5:06  Siege Tank  
  70  5:12  Refinery  
  74  5:32  Barracks x2  
  76  5:41  Siege Tank  
  81  5:53  Engineering Bay x2  
  81  5:54  Stimpack, Starport Reactor  
  83  6:02  Orbital Command  
  85  6:15  Siege Tank  
  90  6:27  Terran Infantry Weapons Level 1, Terran Infantry Armor Level 1  
  92  6:36  Starport Reactor  
  103  6:47  Siege Tank  
  103  6:48  Barracks x2  
  107  6:58  Refinery x2  
  109  7:12  Medivac x2  
  118  7:19  Siege Tank  
  118  7:22  Sensor Tower  
  121  7:23  Armory  
  126  7:33  Combat Shield  
  126  7:44  Barracks Reactor x2  
  126  7:48  Viking x2  
  140  8:07  Command Center  
  140  8:08  Missile Turret x3  
  140  8:23  Siege Tank  
  140  8:24  Viking x2  
Spawning Tool Build Advisor. Get it on Overwolf

Go to:

Details

  • Created by: hushang      
  • Published on: Dec 08, 2020
  • Patch: 4.11.0
  • Difficulty: Medium
Show
View Real Time Build Order
Export as new Build Order

Comments (3)

On April 9, 2021, 7:53 p.m., dahx2004  said:

@BOSantana, Yes

On March 2, 2021, 10:20 a.m., BOSantana  said:

I can't find the cyclone in the Factory, do I have to pay for legacy of the void before I can get this unit?

On Dec. 10, 2020, 4:19 p.m., Skipper  said:

Excited to use this. Thanks!

Create an account to comment!